 Dungeon Crawl Stone Soup version 0.22-a0-271-gc000056 (webtiles) character file.

4512 Firecrotchwizard the Grappler (level 10, -1/102 HPs)
             Began as a Troll Monk on Mar 10, 2018.
             Was a High Priest of Okawaru.
             Slain by a gnoll sergeant
             ... wielding a +6 spear of venom
              (5 damage)
             ... on level 8 of the Dungeon.
             The game lasted 00:14:09 (7181 turns).

Firecrotchwizard the Grappler (Troll Monk)          Turns: 7181, Time: 00:14:09

Health: -1/102     AC:  8    Str: 21    XL:     10   Next: 16%
Magic:  11/11      EV: 10    Int:  6    God:    Okawaru [*****.]
Gold:   331        SH:  0    Dex: 15    Spells: 9/9 levels left

rFire    + . .     SeeInvis .     - Unarmed
rCold    . . .     Gourm    +   (no shield)
rNeg     . . .     Faith    +   u - +2 robe {rF+}
rPois    .         Spirit   .   (helmet restricted)
rElec    .         Reflect  .   s - +0 cloak
rCorr    .         Harm     .   (gloves unavailable)
MR       +....                  (boots unavailable)
Stlth    +.........             a - amulet of faith {Faith, !P}
HPRegen  0.67/turn              z - ring of flight {+Fly, !d}
MPRegen  0.12/turn              r - ring of protection from magic {MR+, !d}

@: lethally poisoned (-1 -> -38), heavily drained
A: large, unfitting armour, claws 3, fast metabolism 3, gourmand, regeneration
1, shaggy fur 1, tough skin 2
a: Heroism, Finesse, Renounce Religion, Evoke Flight


You were on level 8 of the Dungeon.
You worshipped Okawaru.
Okawaru was extremely pleased with you.
You were completely stuffed.

You visited 2 branches of the dungeon, and saw 9 of its levels.
You also visited: Sewer.

You collected 436 gold pieces.
You spent 105 gold pieces at shops.

Inventory:

Missiles
 h - 11 curare-tipped needles
Armour
 s - a +0 cloak (worn)
   (You took it off Crazy Yiuf on level 2 of the Dungeon)
 u - a +2 robe of fire resistance (worn)
   (You took it off a hobgoblin on level 3 of the Dungeon)
 E - a +0 large shield
   (You found it on level 7 of the Dungeon)
Jewellery
 a - an amulet of faith (around neck) {Faith, !P}
   (You bought it in a shop on level 7 of the Dungeon)
 p - an uncursed ring of wizardry {Wiz+, !d}
   (You found it on level 2 of the Dungeon)
 r - a ring of protection from magic (right claw) {MR+, !d}
   (You found it on level 4 of the Dungeon)
 y - an uncursed ring of protection from cold {rC+, !d}
   (You found it on level 5 of the Dungeon)
 z - a ring of flight (left claw) {+Fly, !d}
   (You found it on level 5 of the Dungeon)
Wands
 n - a wand of flame (23)
   (You took it off Jessica on level 2 of the Dungeon)
 t - a wand of random effects (21)
   (You took it off Crazy Yiuf on level 2 of the Dungeon)
 x - a wand of scattershot (7)
   (You found it on level 6 of the Dungeon)
 C - a wand of acid (8)
   (You found it on level 8 of the Dungeon)
Scrolls
 c - 2 scrolls of identify
 d - a scroll of immolation {!r}
 i - a scroll of random uselessness {unknown}
 k - 3 scrolls of remove curse
 o - 4 scrolls of teleportation
 v - a scroll of fear
 w - a scroll of acquirement {unknown}
 D - a scroll of holy word {unknown}
Potions
 e - 2 potions of brilliance
 f - a potion of mutation {unknown}
 g - a potion of invisibility {unknown}
 j - a potion of agility
 l - a potion of flight {unknown}
 m - 3 potions of might
 q - a potion of haste {unknown}
 A - 2 potions of magic
 B - a potion of curing {unknown}
 F - a potion of heal wounds {unknown}
Comestibles
 b - 13 rations {@e1}
 H - a chunk of flesh {@w0}


   Skills:
 + Level 7.5(5.8) Fighting
 + Level 3.4(1.8) Armour
 - Level 2.9(1.4) Dodging
 - Level 1.5(0.0) Stealth
 - Level 10.5(8.6) Unarmed Combat
 + Level 3.7(2.2) Invocations


You had 9 spell levels left.
You didn't know any spells.

Dungeon Overview and Level Annotations

Branches:
Dungeon (8/15)             Temple (1/1) D:6
   Lair: D:8-11

Altars:
Fedhas
Hepliaklqana
Kikubaaqudgha
Makhleb
Nemelex Xobeh
Okawaru
Ru
Uskayaw
Vehumet
Wu Jian
Xom
Yredelemnul

Shops:
D:6 }   D:7 *

Annotations:
D:5 2 transporters, exclusion: Blork the orc, Blork the orc, Eustachio, Menkaure
D:6 Duvessa


Innate Abilities, Weirdness & Mutations

You are too large for most types of armour.
You have claws for hands.
Your metabolism is lightning-fast.
You like to eat raw meat.
Your natural rate of healing is unusually fast.
You are covered in fur. (AC +1)
You have very tough skin. (AC +2)


Message History

You scratch the water moccasin.
You feel sick.
The water moccasin bites you but does no damage.
The water moccasin closely misses you.
You scratch the water moccasin. The water moccasin bites you!
A gnoll comes into view.
You take 6 damage, and have 78/102 hp.
The gnoll shouts!
You claw the water moccasin!
You kill the water moccasin!
Okawaru accepts your kill.
You feel sick.
You hear a shout!
You take 1 damage, and have 77/102 hp.
You feel sick.
An orc comes into view.
It is wielding an antimagic short sword.
You feel sick.
You take 1 damage, and have 77/102 hp.
You feel sick.
You feel sick.
You feel sick.
You feel sick.
You feel sick.
Things that are here:
a spear of freezing; a robe The crimson imp blinks!
Items here: )) [[ an enchanted great sword; a robe; an enchanted halberd; a robe
Items here: )) [[ an enchanted scimitar; a robe; a mace; a robe You feel sick.
You take 1 damage, and have 83/102 hp.
You feel sick.
You are no longer poisoned.
There is an open door here.
Some of the chunks of flesh in your inventory have rotted away.
You start resting.
Eating one of 2 chunks of flesh {@w0}.
You eat one of the 2 chunks of flesh {@w0}.
This raw flesh tastes great.
You claw the orc warrior! The orc warrior hits you with a mace.
You take 1 damage, and have 97/102 hp.
You scratch the orc warrior but do no damage.
You claw the orc warrior! The orc warrior hits you with a mace.
You take 3 damage, and have 94/102 hp.
You barely miss the orc warrior. The orc warrior hits you with a mace!
You take 9 damage, and have 85/102 hp.
You barely miss the orc warrior.
The gnoll sergeant hits you but does no damage.
You are poisoned.
The orc warrior hits you with a mace!
You take 11 damage, and have 74/102 hp.
You completely miss the orc warrior. You claw the orc warrior.
You feel sick.
The gnoll sergeant hits you from afar with a spear of venom!
You are more poisoned.
You take 9 damage, and have 65/102 hp.
You claw the orc warrior!
You kill the orc warrior!
Okawaru accepts your kill.
You feel sick.
The gnoll sergeant hits you from afar with a spear of venom!
You are more poisoned.
You take 11 damage, and have 54/102 hp.
You scratch the gnoll.
You feel very sick. The gnoll hits you but does no damage.
The gnoll sergeant hits you from afar with a spear of venom!
You take 12 damage, and have 42/102 hp.
You barely miss the gnoll.
You feel sick. The gnoll hits you but does no damage.
You take 2 damage, and have 40/102 hp.
You scratch the gnoll.
You feel sick.
The gnoll sergeant hits you from afar with a spear of venom!
* * * LOW HITPOINT WARNING * * *
You are more poisoned.
You take 14 damage, and have 26/102 hp.
You mangle the gnoll!!
You kill the gnoll!
Okawaru accepts your kill.
* * * LOW HITPOINT WARNING * * *
You feel very sick.
The gnoll sergeant hits you but does no damage.
You take 2 damage, and have 24/102 hp.
* * * LOW HITPOINT WARNING * * *
You feel very sick.
The gnoll sergeant hits you with a spear of venom.
* * * LOW HITPOINT WARNING * * *
Things that are here:
a club; a mace; a glowing chain mail You take 4 damage, and have 20/102 hp.
You scratch the gnoll sergeant.
* * * LOW HITPOINT WARNING * * *
You feel very sick.
The gnoll sergeant hits you with a spear of venom!
* * * LOW HITPOINT WARNING * * *
You are more poisoned.
You take 13 damage, and have 7/102 hp.
You mangle the gnoll sergeant!!
* * * LOW HITPOINT WARNING * * *
You feel very sick.
The gnoll sergeant hits you with a spear of venom.
You die...

#......##....#
#########....#
#.#### #.# #.#
#.# #o# #g#####
#.@...# #####.#
#######.#
#######....##.#
#...........#.#
#.#####.....#.#
#.# #...<#.#)#
#.####......#[#
#....########.#


You could see a gnoll sergeant and an orc.

Vanquished Creatures
  Pikel (D:8)
  A deep elf mage (D:7)
  Grinder (D:6)
  A hippogriff (D:7)
  A water moccasin (D:8)
  An ice beast (D:6)
  A sky beast (D:6)
  A slave (D:8)
  3 orc warriors
  The ghost of Bugaboo the Cudgeler, an amateur MiMo (D:3)
  An ogre (D:5)
  A phantom (D:6)
  4 big kobolds
  3 bullfrogs (D:6)
  2 scorpions
  Dowan (D:6)
  5 wights (D:8)
  3 howler monkeys
  3 crimson imps (D:7)
  A quasit (D:7)
  Crazy Yiuf (D:2)
  A centaur skeleton (D:4)
  4 hounds
  A jelly (D:8)
  9 orc wizards
  A bullfrog skeleton (D:7)
  4 orc priests
  Terence (D:2)
  Jessica (D:2)
  5 iguanas
  9 worker ants
  2 hound skeletons
  11 adders
  8 gnolls
  A howler monkey skeleton (D:4)
  5 river rats
  2 oozes
  3 adder skeletons
  7 worms
  2 dart slugs (D:3)
  4 leopard geckos
  20 orcs
  5 giant cockroaches
  4 goblins
  8 hobgoblins
  5 jackals (D:3)
  6 quokkas
  5 ball pythons
  7 bats
  7 frilled lizards
  9 kobolds
  13 rats
207 creatures vanquished.

Vanquished Creatures (others)
  A kobold (D:3)
1 creature vanquished.

Grand Total: 208 creatures vanquished

Notes
Turn   | Place    | Note
-------+----------+-------------------------------------------
     0 | D:1      | Firecrotchwizard the Troll Monk began the quest for the Orb.
     0 | D:1      | Reached XP level 1. HP: 22/22 MP: 0/0
   188 | D:1      | Reached XP level 2. HP: 29/29 MP: 1/1
   709 | D:2      | Noticed Jessica
   716 | D:2      | Killed Jessica
   716 | D:2      | Reached XP level 3. HP: 12/36 MP: 2/2
   838 | D:2      | Found a runed door.
   942 | D:2      | Noticed Terence
   956 | D:2      | Killed Terence
   956 | D:2      | Reached skill level 3 in Fighting
   956 | D:2      | Reached XP level 4. HP: 38/45 MP: 3/3
  1248 | D:2      | Noticed Crazy Yiuf
  1256 | D:2      | HP: 11/45 [Crazy Yiuf/quarterstaff of chaos (6)]
  1257 | D:2      | HP: 5/45 [Crazy Yiuf/quarterstaff of chaos (2)]
  1259 | D:2      | Killed Crazy Yiuf
  1259 | D:2      | Reached skill level 4 in Unarmed Combat
  1377 | D:3      | Reached XP level 5. HP: 48/53 MP: 4/4
  1491 | D:3      | Noticed Bugaboo's ghost (amateur MiMo)
  1561 | D:3      | HP: 12/53 [Bugaboo's ghost (9)]
  1567 | D:3      | HP: 5/53 [Bugaboo's ghost (4)]
  1568 | D:3      | Killed Bugaboo's ghost
  1666 | D:3      | Reached skill level 5 in Unarmed Combat
  1667 | D:3      | Found a radiant altar of Vehumet.
  1698 | D:3      | HP: 13/53 [jackal (2)]
  1700 | D:3      | Reached XP level 6. HP: 16/61 MP: 5/5
  1705 | D:3      | HP: 15/61 [worm (5)]
  1855 | D:3      | Found a faded altar of an unknown god.
  2140 | D:3      | Found a blossoming altar of Fedhas.
  2373 | D:4      | Reached skill level 4 in Fighting
  2708 | D:4      | Reached skill level 6 in Unarmed Combat
  2949 | D:5      | Entered Level 5 of the Dungeon
  2980 | D:5      | Found a transporter.
  2986 | D:5      | Found a transporter.
  3003 | D:5      | Noticed a hungry ghost
  3004 | D:5      | Found an ancient bone altar of Kikubaaqudgha.
  3008 | D:5      | Noticed Menkaure
  3244 | D:5      | Reached XP level 7. HP: 70/70 MP: 6/6
  3333 | D:5      | Noticed Eustachio
  3402 | D:5      | Reached skill level 7 in Unarmed Combat
  3496 | D:5      | Found a glowing drain.
  3505 | Sewer    | Entered a sewer
  3951 | Sewer    | Reached XP level 8. HP: 79/79 MP: 7/7
  4178 | Sewer    | Reached skill level 5 in Fighting
  4314 | D:5      | Noticed Blork the orc
  4362 | D:5      | Reached skill level 8 in Unarmed Combat
  4556 | D:5      | Found a hide-covered altar of Uskayaw.
  4583 | D:5      | Found a basalt altar of Yredelemnul.
  4965 | D:6      | Found a staircase to the Ecumenical Temple.
  4975 | Temple   | Entered the Ecumenical Temple
  5041 | Temple   | Became a worshipper of Warmaster Okawaru
  5041 | Temple   | Reached * piety under Okawaru
  5041 | Temple   | Reached ** piety under Okawaru
  5093 | D:6      | Reached skill level 9 in Unarmed Combat
  5158 | D:6      | Noticed Grinder
  5159 | D:6      | Noticed Duvessa
  5176 | D:6      | Noticed Dowan
  5178 | D:6      | Paralysed by Grinder for 5 turns
  5184 | D:6      | Killed Grinder
  5191 | D:6      | Killed Dowan
  5288 | D:6      | Reached skill level 6 in Fighting
  5294 | D:6      | Reached XP level 9. HP: 87/89 MP: 8/8
  5350 | D:6      | Found Zoff's Gadget Emporium.
  5739 | D:7      | Reached skill level 10 in Unarmed Combat
  5775 | D:7      | Noticed a deep elf mage
  5788 | D:7      | Killed a deep elf mage
  5788 | D:7      | Reached *** piety under Okawaru
  5991 | D:7      | Reached skill level 1 in Armour
  5991 | D:7      | Reached skill level 1 in Invocations
  6320 | D:7      | Reached skill level 2 in Invocations
  6496 | D:7      | Found an ornate altar of the Wu Jian Council.
  6502 | D:7      | Reached skill level 7 in Fighting
  6502 | D:7      | Reached skill level 2 in Armour
  6686 | D:7      | Found a burning altar of Makhleb.
  6687 | D:7      | Found a shimmering altar of Xom.
  6741 | D:7      | Found Ohenog's Assorted Antiques.
  6744 | D:7      | Bought a triangular beryl amulet for 105 gold pieces
  6870 | D:8      | Noticed Pikel
  6875 | D:8      | Killed Pikel
  6875 | D:8      | Reached **** piety under Okawaru
  6875 | D:8      | Reached skill level 3 in Invocations
  6915 | D:8      | Reached skill level 3 in Armour
  6915 | D:8      | Reached XP level 10. HP: 96/102 MP: 11/11
  7007 | D:8      | Reached ***** piety under Okawaru
  7178 | D:8      | HP: 24/102 [poisoned by a gnoll sergeant]
  7180 | D:8      | HP: 7/102 [gnoll sergeant/spear of venom (11)]
  7181 | D:8      | Slain by a gnoll sergeant

Vault maps used:
D:1:      lightli_arrival_farm
D:2:      uniq_terence, uniq_jessica, uniq_crazy_yiuf_cottage
D:3:      fedhas_altar_4, fiery_altar_vehumet, chequers_ecumenical_altar_twisty
D:4:      first_ration
D:5:      gammafunk_temple_of_torment, kennysheep_mini, gup_sewer_entry_bubbles,
          minmay_splitting_lines, uniq_eustachio, uniq_blork_the_orc
D:6:      temple_green, serial_shops, shop, uniq_grinder, uniq_duvessa
D:7:      grunt_temple_overflow_champion_of_chaos, kennysheep_little_box,
          serial_shops, nicolae_shop_behind_doors, minmay_three_doors
D:8:      trog_butcher_becter, uniq_pikel
Temple:   nicolae_temple_figure_eight
Sewer:    sewer_co_tree

Skill      XL: |  1  2  3  4  5  6  7  8  9 |
---------------+----------------------------+-----
Fighting       | 3 4 6 7 |  7.5
Unarmed Combat | 4 5 6 7 9 10 | 10.5
Armour         | 3 |  3.4
Invocations    | 3 |  3.7
Dodging        | |  2.9
Stealth        | |  1.5

Action                   |  1- 3 |  4- 6 |  7- 9 | 10-12 || total
-------------------------+-------+-------+-------+-------++-------
Melee: Unarmed           |    59 |   182 |   309 |    77 ||   627
       Punch             |       |     2 |    12 |     1 ||    15
Evoke: Wand              |       |     2 |       |       ||     2
  Use: Scroll            |       |       |    13 |       ||    13
 Stab: Sleeping          |     7 |     6 |     5 |       ||    18
       Distracted        |       |       |     1 |       ||     1
  Eat: Chunk             |    14 |    17 |    39 |     3 ||    73
Armor: Robe              |    13 |    45 |    61 |    14 ||   133
Dodge: Dodged            |    24 |   109 |   114 |    31 ||   278

Table legend:
 A = Spawn XP
 B = Non-spawn XP
 C = Spawn XP percentage of total XP
 D = Spawn monster count
 E = Non-spawn monster count
 F = Spawn count percentage of total count
 G = Total turns spent on level
                    A         B        C        D         E        F      G
               +---------+---------+-------+---------+---------+-------+---------
         Total |       0 |    6446 |   0.0 |       0 |     206 |   0.0 |  7181
               +---------+---------+-------+---------+---------+-------+---------
           D:1 |       0 |      32 |   0.0 |       0 |      17 |   0.0 |   652
           D:2 |       0 |     145 |   0.0 |       0 |      17 |   0.0 |   707
           D:3 |       0 |     235 |   0.0 |       0 |      26 |   0.0 |   810
           D:4 |       0 |     298 |   0.0 |       0 |      17 |   0.0 |   780
           D:5 |       0 |     513 |   0.0 |       0 |      26 |   0.0 |  1102
           D:6 |       0 |    1294 |   0.0 |       0 |      22 |   0.0 |   803
           D:7 |       0 |    1860 |   0.0 |       0 |      34 |   0.0 |  1189
           D:8 |       0 |    1634 |   0.0 |       0 |      19 |   0.0 |   360
         Sewer |       0 |     435 |   0.0 |       0 |      28 |   0.0 |   696
               +---------+---------+-------+---------+---------+-------+---------

Vault maps used:
D:1:      lightli_arrival_farm
D:2:      uniq_terence, uniq_jessica, uniq_crazy_yiuf_cottage
D:3:      fedhas_altar_4, fiery_altar_vehumet, chequers_ecumenical_altar_twisty
D:4:      first_ration
D:5:      gammafunk_temple_of_torment, kennysheep_mini, gup_sewer_entry_bubbles,
          minmay_splitting_lines, uniq_eustachio, uniq_blork_the_orc
D:6:      temple_green, serial_shops, shop, uniq_grinder, uniq_duvessa
D:7:      grunt_temple_overflow_champion_of_chaos, kennysheep_little_box,
          serial_shops, nicolae_shop_behind_doors, minmay_three_doors
D:8:      trog_butcher_becter, uniq_pikel
Temple:   nicolae_temple_figure_eight
Sewer:    sewer_co_tree

Table legend:
 A = Turns spent in this place as a percentage of turns spent in the entire game.
 B = Non-inter-level travel turns spent in this place as a percentage of non-inter-level travel turns spent in the entire game.
 C = Inter-level travel turns spent in this place as a percentage of turns spent in this place.
 D = Turns resting spent in this place as a percentage of non-inter-level travel turns spent in this place.
 E = Turns spent auto-exploring this place as a percentage of non-inter-level travel turns spent in this place.
 F = Non-inter-level travel turns spent in this place divided by the number of levels of this place that you've seen.
                   A       B       C       D       E      F
               +-------+-------+-------+-------+-------+----------------------
         Total | 100.0 | 100.0 |   2.8 |  10.5 |  68.4 | 697.9
       Dungeon |  89.2 |  89.1 |   2.9 |   9.9 |  69.7 | 777.0
        Temple |   1.1 |   1.0 |  18.3 |   0.0 |  82.1 |  67.0
         Sewer |   9.7 |  10.0 |   0.0 |  16.7 |  55.7 | 696.0
               +-------+-------+-------+-------+-------+----------------------

Table legend:
 A = Kills in this place as a percentage of kills in entire the game.
 B = Kills by you in this place as a percentage of kills by you in the entire game.
 C = Kills by friends in this place as a percentage of kills by friends in the entire game.
 D = Other kills in this place as a percentage of other kills in the entire game.
 E = Experience gained in this place as a percentage of experience gained in the entire game.
 F = Experience gained in this place divided by the number of levels of this place that you have seen.
                   A       B       C       D       E      F
               +-------+-------+-------+-------+-------+----------------------
         Total | 100.0 | 100.0 |   N/A |   N/A | 100.0 | 644.6
       Dungeon |  86.4 |  86.4 |   N/A |   N/A |  93.3 | 751.4
         Sewer |  13.6 |  13.6 |   N/A |   N/A |   6.7 | 435.0
               +-------+-------+-------+-------+-------+----------------------
